 Dungeon Crawl Stone Soup version 0.20.1-1-g8b1a95d (webtiles) character file.

21 tidbits the Skirmisher (level 2, -2/26 HPs)
             Began as a Draconian Fighter on Aug 11, 2017.
             Slain by a worm (8 damage)
             ... on level 2 of the Dungeon.
             The game lasted 00:02:39 (326 turns).

tidbits the Skirmisher (Draconian Fighter)           Turns: 326, Time: 00:02:40

Health: -2/26      AC:  4    Str: 18    XL:     2   Next: 62%
Magic:  2/2        EV: 10    Int:  8    God:
Gold:   11         SH:  8    Dex: 10    Spells: 1/1 levels left

rFire    . . .     SeeInvis .     - Unarmed
rCold    . . .     Gourm    .   a - +0 shield
rNeg     . . .     Faith    .   (armour unavailable)
rPois    .         Spirit   .   (helmet restricted)
rElec    .         Reflect  .   (no cloak)
rCorr    .         Harm     .   (no gloves)
MR       .....                  (no boots)
Stlth    +.........             (no amulet)
Regen    0.1/turn               (no ring)
MPRegen  0.1/turn               (no ring)

@: no status effects
A: unfitting armour, cold-blooded, AC +4
a: no special abilities


You were on level 2 of the Dungeon.
You were not hungry.

You visited 1 branch of the dungeon, and saw 3 of its levels.

You collected 11 gold pieces.

Inventory:

Missiles
 e - 10 arrows
Armour
 a - a +0 shield (worn)
Scrolls
 d - a scroll of enchant armour {unknown}
Potions
 b - a potion of might
Comestibles
 c - a bread ration


   Skills:
 - Level 3.2 Fighting
 - Level 2.6 Dodging
 - Level 3.0 Shields
 + Level 3.2 Unarmed Combat


You had one spell level left.
You didn't know any spells.

Dungeon Overview and Level Annotations

Branches:
Dungeon (3/15)

Altars:

Annotations:
D:3 ThereIsNoGod's ghost, amateur GrFi


Innate Abilities, Weirdness & Mutations

Your plain brown scales are hard. (AC +4)
You cannot fit into any form of body armour.
You are cold-blooded and may be slowed by cold attacks.


Message History

You block the worm's attack.
You barely miss the worm.
The worm is moderately wounded.
The worm bites you.
You hit the worm.
The worm is moderately wounded.
You completely miss the worm.
The worm is moderately wounded.
The worm barely misses you.
You hit the worm.
The worm is moderately wounded.
You barely miss the worm.
The worm is moderately wounded.
You block the worm's attack.
You punch the worm!
The worm is severely wounded.
You block the worm's attack.
You punch the worm!
You kill the worm!
You see here a worm corpse.
You enter the shallow water.
Moving in this stuff is going to be slow.
There is a stone staircase leading down here.
You climb downwards.
A worker ant and a giant cockroach come into view.
Found 7 gold pieces and a sedimented black potion.
There is a stone staircase leading up here.
The worker ant twitches its antennae in your direction.
Found a stone staircase leading down.
A hobgoblin comes into view.
The giant cockroach barely misses you.
You barely miss the giant cockroach.
The giant cockroach bites you but does no damage.
You block the giant cockroach's attack.
ThereIsNoGod's ghost (amateur Gargoyle Fighter) comes into view.
It is wielding a weapon of freezing.
There is a stone staircase leading up here.
ThereIsNoGod's ghost turns its malevolent gaze towards you.
The giant cockroach barely misses you. The worker ant barely misses you.
You climb upwards.
There is a stone staircase leading down here.
Unknown command.
You hit the giant cockroach.
The giant cockroach is severely wounded.
The giant cockroach bites you but does no damage.
You barely miss the giant cockroach.
The giant cockroach is severely wounded.
The giant cockroach bites you but does no damage.
You hit the giant cockroach but do no damage.
Your tail-slap misses the giant cockroach.
The giant cockroach is severely wounded.
The giant cockroach bites you but does no damage.
You closely miss the giant cockroach.
The giant cockroach is severely wounded.
The giant cockroach closely misses you.
The giant cockroach bites you but does no damage.
Your shield prevents you from hitting the giant cockroach.
The giant cockroach is severely wounded.
You block the giant cockroach's attack.
The giant cockroach bites you but does no damage.
Found 18 stones.
You hit the giant cockroach.
You kill the giant cockroach!
You block the worm's attack.
You barely miss the worm. You block the worm's attack.
Your shield prevents you from hitting the worm.
Your tail-slap misses the worm.
You hit the worm.
The worm is lightly wounded.
The worm bites you.
You hit the worm but do no damage. You hit the worm.
The worm is lightly wounded.
You block the worm's attack.
You barely miss the worm.
Your tail-slap misses the worm.
The worm is lightly wounded.
The worm bites you.
* * * LOW HITPOINT WARNING * * *
You hit the worm but do no damage. You barely miss the worm.
The worm bites you!
* * * LOW HITPOINT WARNING * * *
Your shield prevents you from hitting the worm.
You tail-slap the worm.
The worm is moderately wounded.
You hit the worm. You tail-slap the worm.
The worm is severely wounded.
You block the worm's attack.
You completely miss the worm.
Your tail-slap misses the worm.
The worm is severely wounded.
The worm barely misses you.
You hit the worm.
The worm is severely wounded.
You hit the worm.
Your tail-slap misses the worm.
The worm is almost dead.
You block the worm's attack.
You barely miss the worm.
The worm is severely wounded.
You hit the worm.
The worm is almost dead.
The worm bites you!
You die...

#.##.#####.###.##
#######..#.#..#...#...#
(......#.#.#...........
............)..........
.......................
.......................
.......(..>...#...#...#
###.w....####.###.##
#@######.#≈≈≈#≈≈w# #.#
#..≈≈≈.≈≈≈. #.#
#≈≈≈≈≈≈≈≈≈≈ #.#
#≈≈≈≈≈≈≈≈≈≈ ..#
##........P ###
#.#...#... #.##..#....
## .#....#. .P#. #P##


You could see a worm.

Vanquished Creatures
  An adder (D:2)
  A worm (D:2)
  A leopard gecko (D:1)
  A bat (D:1)
  2 giant cockroaches (D:2)
  A hobgoblin (D:2)
  A ball python (D:2)
8 creatures vanquished.

Notes
Turn   | Place    | Note
-------+----------+-------------------------------------------
     0 | D:1      | tidbits the Draconian Fighter began the quest for the Orb.
     0 | D:1      | Reached XP level 1. HP: 19/19 MP: 1/1
    83 | D:2      | Reached XP level 2. HP: 12/26 MP: 2/2
   108 | D:2      | Reached skill level 3 in Unarmed Combat
   297 | D:3      | Noticed ThereIsNoGod's ghost (amateur GrFi)
   326 | D:2      | Slain by a worm

Skill      XL: |  1  2 |
---------------+-------+-----
Unarmed Combat | 3 |  3.2
Fighting       | |  3.2
Dodging        | |  2.6
Shields        | |  3.0

Action                   || total
-------------------------++-------
Melee: Unarmed           ||    76
       Tailslap          ||     8
Armor: Skin              ||    14
Dodge: Dodged            ||    27
Block: Shield            ||    25

Table legend:
 A = Turns spent in this place as a percentage of turns spent in the entire game.
 B = Non-inter-level travel turns spent in this place as a percentage of non-inter-level travel turns spent in the entire game.
 C = Inter-level travel turns spent in this place as a percentage of turns spent in this place.
 D = Turns resting spent in this place as a percentage of non-inter-level travel turns spent in this place.
 E = Turns spent auto-exploring this place as a percentage of non-inter-level travel turns spent in this place.
 F = Non-inter-level travel turns spent in this place divided by the number of levels of this place that you've seen.
                   A       B       C       D       E      F
               +-------+-------+-------+-------+-------+----------------------
         Total | 100.0 | 100.0 |   0.0 |   0.0 |   0.0 | 111.3
       Dungeon | 100.0 | 100.0 |   0.0 |   0.0 |   0.0 | 111.3
               +-------+-------+-------+-------+-------+----------------------

Table legend:
 A = Kills in this place as a percentage of kills in entire the game.
 B = Kills by you in this place as a percentage of kills by you in the entire game.
 C = Kills by friends in this place as a percentage of kills by friends in the entire game.
 D = Other kills in this place as a percentage of other kills in the entire game.
 E = Experience gained in this place as a percentage of experience gained in the entire game.
 F = Experience gained in this place divided by the number of levels of this place that you have seen.
                   A       B       C       D       E      F
               +-------+-------+-------+-------+-------+----------------------
         Total | 100.0 | 100.0 |  -nan |  -nan | 100.0 |  10.0
       Dungeon | 100.0 | 100.0 |  -nan |  -nan | 100.0 |  10.0
               +-------+-------+-------+-------+-------+----------------------

Vault maps used:
D:1:      minmay_arrival_hallway
D:2:      wad_lake_hut, chequers_ecumenical_altar_island
